Map: Bone Temple LE

Players

sexyAPM

  • Race: Protoss Protoss
  • Spawn Location: 7:00

qqq

  • Race: Protoss Protoss
  • League: Platinum
  • Spawn Location: 6:00

Massa

  • Race: Terran Terran
  • League: Gold
  • Spawn Location: 7:00

Spigaz

  • Race: Zerg Zerg
  • League: Diamond
  • Spawn Location: 3:00

mrtomb

  • Race: Terran Terran
  • Spawn Location: 12:00

pwnagelol

  • Race: Zerg Zerg
  • League: Platinum
  • Spawn Location: 1:00

VOD

Have the link to the VOD?

Description

Time

  • Played on: April 17, 2020, 7:51 p.m.
  • Length: 3:42
Show
View Real Time Build Order
Export as new Build Order

sexyAPM Protoss 

Build Orders:  

Get SALT Encoding   

  12  0:11  Pylon  
  12  0:17  Probe  
  13  0:31  Forge  
  13  0:35  Probe  
  14  0:52  Pylon  
  14  1:34  Probe  
  14  1:46  Nexus  
  14  1:47  Probe  
  15  1:53  Gateway  
  15  1:59  Probe  
  16  2:11  Probe  
  17  2:20  Assimilator  
  17  2:23  Probe (Chrono Boost)  
  17  2:24  Assimilator  
  18  2:34  Probe (Chrono Boost)  
  19  2:39  Probe (Chrono Boost)  
  20  2:50  Probe (Chrono Boost)  
  22  2:58  Probe (Chrono Boost)  
  23  3:07  Probe (Chrono Boost)  
  23  3:08  Probe (Chrono Boost)  
  23  3:09  Assimilator  
  24  3:13  Probe x2 (Chrono Boost)  
  24  3:14  Assimilator  
  24  3:15  Pylon  
  26  3:25  Probe (Chrono Boost)  
  28  3:29  Probe (Chrono Boost)  
Show
View Real Time Build Order
Export as new Build Order

qqq Protoss 

Build Orders:  

Get SALT Encoding   

  12  0:11  Pylon  
  12  0:17  Probe  
  13  0:31  Forge  
  13  0:33  Probe  
  13  1:25  Pylon  
  13  1:35  Gateway  
  13  1:43  Probe  
  14  1:55  Probe  
  14  2:00  Photon Cannon  
  15  2:08  Probe  
  16  2:16  Photon Cannon  
  16  2:20  Probe  
  17  2:29  Pylon  
  17  2:32  Probe  
  17  2:36  Cybernetics Core  
  17  2:48  Nexus  
  16  3:13  Assimilator  
  16  3:14  Probe  
  16  3:17  Assimilator  
  19  3:26  Probe  
Show
View Real Time Build Order
Export as new Build Order

Massa Terran 

Build Orders:  

Get SALT Encoding   

  12  0:10  Supply Depot  
  12  0:13  SCV  
  13  0:25  SCV  
  14  0:37  SCV  
  15  0:49  SCV  
  16  1:01  SCV  
  17  1:25  SCV  
  18  1:34  Barracks  
  18  1:37  SCV, Barracks  
  19  1:42  Refinery  
  19  1:45  Supply Depot  
  19  1:49  SCV  
  19  2:01  SCV  
  20  2:15  Barracks  
  20  2:20  Supply Depot  
  20  2:23  Barracks  
  20  2:33  SCV  
  21  2:45  SCV  
  22  2:56  Command Center  
  22  3:13  Barracks  
Show
View Real Time Build Order
Export as new Build Order

Spigaz Zerg 

Build Orders: Hatch First 

Get SALT Encoding   

  12  0:01  Drone  
  13  0:12  Overlord  
  13  0:20  Drone  
  14  0:32  Drone  
  14  0:33  Drone  
  16  0:54  Hatchery  
  16  0:56  Drone  
  16  1:01  Drone  
  16  1:04  Drone  
  18  1:33  Extractor, Spawning Pool  
  16  1:48  Drone x3  
  19  2:10  Overlord  
  19  2:21  Queen x2  
  23  2:23  Zergling x2  
  23  2:26  Zergling x2  
  25  2:36  Spine Crawler  
  24  2:43  Spine Crawler  
  23  2:54  Spine Crawler  
  22  3:03  Drone x2  
Show
View Real Time Build Order
Export as new Build Order

mrtomb Terran 

Build Orders:  

Get SALT Encoding   

  12  0:01  SCV  
  13  0:14  SCV  
  14  0:18  Supply Depot  
  14  0:26  SCV  
  15  0:34  Refinery  
  15  0:47  Barracks  
  15  1:41  Barracks Tech Lab  
  15  1:45  Supply Depot  
  15  1:49  Orbital Command  
  15  2:01  Marine  
  16  2:09  Factory  
  16  2:19  Marine  
  16  2:21  Refinery  
  17  2:37  Marine  
  18  2:54  Marine  
  19  3:03  Factory Tech Lab  
  19  3:05  SCV  
  19  3:12  Marine  
  21  3:18  SCV  
  22  3:21  Starport  
Show
View Real Time Build Order
Export as new Build Order

pwnagelol Zerg 

Build Orders: Hatch First 

Get SALT Encoding   

  12  0:00  Drone  
  13  0:12  Overlord  
  13  0:16  Drone  
  14  0:31  Drone x2  
  17  0:35  Drone  
  17  0:45  Drone  
  18  1:03  Drone  
  18  1:04  Hatchery  
  18  1:14  Spawning Pool  
  18  1:16  Extractor  
  18  1:17  Drone  
  17  1:20  Drone  
  18  1:28  Drone  
  19  2:00  Queen  
  21  2:02  Zergling x2  
  21  2:03  Overlord  
  22  2:16  Drone x3, Queen  
  22  2:18  Metabolic Boost  
  27  2:25  Zergling x2  
  28  2:35  Zergling x2  
  28  2:36  Zergling x2  
  30  2:48  Drone x2  
  32  3:02  Zergling x6  
  35  3:12  Zergling x2  
  36  3:13  Overlord  
  36  3:15  Overlord  
  36  3:34  Baneling Nest  
Tags
 
Add a new tag
Caveats
  • Supply blocks, unpowered buildings, or Contaminate may cause inaccurate times.
  • Supply counts are checked every 10 seconds.